Description

Destroy ZERGS With This 99% WINRATE All-in in 2021

VOD

https://www.youtube.com/watch?v=lY8aKMTFN7A

Build Order

Get SALT Encoding   

  12  0:00  Probe  
  12  0:04  Action  the first probe that returns the minerals you send it across the map to block zerg natural base
  12  0:07   Action  send probe to build a pylon on your natural
  13  0:12  Probe  
  14  0:19  Pylon  
  15  0:24  Probe  
  15  0:32   Action  send probe to create your gateway
  15  0:32  Probe (Chrono Boost)  
  16  0:36  Gateway  
  17  0:38  Probe  
  17  0:51  Assimilator  
  18  0:54  Probe  
  19  1:06  Probe, Action  second 17 probe on 19 supply go to gase
  20  1:23  Nexus  
  20  1:32  Cybernetics Core  
  21  1:37  Probe  
  21  1:47  Action  probe that comes back build gas
  21  1:51  Assimilator  
  22  1:52  Probe  
  22  1:58  Pylon  
  23  2:04   Probe  
  25  2:10  Warp Gate, Adept (Chrono Boost)  
  25  2:15  Action  once our gas finishes we send to 2 gas 3\3 probes
  26  2:16  Probe  
  26  2:20-2:24  Robotics Facility  
  27  2:30  Probe  
  29  2:36  Stalker (Chrono Boost)  
  29  2:38  Action  pull out 4 probes from gas
  31  2:40  Probe x2  
  33  2:52  Probe x2  
  33  2:58  Gateway  on your main
  34  3:04  Probe x2  
  34  3:07  Gateway  on your main
  34  3:08  Gateway  on your main
  36  3:15  Warp Prism (Chrono Boost)  
  36  3:20  Gateway  on your wall natural
  37  3:30  Pylon  
  40  3:50  Pylon, Action  create probes back to your 2 gases
  48  4:02  Stalker x4  
  48  4:15  Pylon x2  
  50  4:20  Action (Chrono Boost)  boost your gateways
  56  4:24  Stalker, Zealot x3  
Spawning Tool Build Advisor. Get it on Overwolf

Go to:

Details

  • Created by: StereoClub  
  • Published on: May 07, 2021
  • Modified on: May 07, 2021
  • Patch: 4.11.0
  • Difficulty: Hard
Show
View Real Time Build Order
Export as new Build Order

Comments (0)

There are no comments. Be the first!

Create an account to comment!